 Dungeon Crawl Stone Soup version 0.18-a0-1292-ge8ad84c (webtiles) character file.

3572 Gagarin the Nimble (level 9, -14/78 HPs)
             Began as a White Draconian Gladiator on Feb 9, 2016.
             Was a Priest of Okawaru.
             Killed from afar by namelastname112's ghost (20 damage)
             ... with a bolt of negative energy
             ... on level 9 of the Dungeon.
             The game lasted 00:20:41 (8527 turns).

Gagarin the Nimble (White Draconian Gladiator)      Turns: 8527, Time: 00:20:41

Health: -14/78     AC: 11    Str: 20    XL:     9   Next: 84%
Magic:  9/9        EV: 12    Int:  9    God:    Okawaru [***...]
Gold:   469        SH:  7    Dex: 12    Spells: 0 memorised, 8 levels left

rFire  . . .     SeeInvis .     w - +2 rapier (venom)
rCold  + . .     Gourm    .     (armour unavailable)
rNeg   . . .     Faith    .     R - +0 shield
rPois  .         Spirit   .     b - +0 hat
rElec  .         Dismiss  .     p - +2 cloak
rCorr  .         Reflect  .     r - +0 pair of gloves
SustAt .         Harm     .     (no boots)
MR     .....                    (no amulet)
Stlth  ++........               (no ring)
                                A - ring of wizardry

@: heavily drained, not resistant to hostile enchantments, unstealthy
A: breathe frost, unfitting armour, cold resistance 1, cold-blooded, AC +7
a: Breathe Frost, Heroism, Renounce Religion


You were on level 9 of the Dungeon.
You worshipped Okawaru.
Okawaru was most pleased with you.
You were not hungry.

You visited 2 branches of the dungeon, and saw 10 of its levels.

You collected 469 gold pieces.

Inventory:

Hand Weapons
 a - a +0 long sword
 c - a +0 arbalest
 w - a +2 rapier of venom (weapon)
 H - a +0 shortbow
 K - a +2 quarterstaff of chaos
Missiles
 z - 3 javelins (quivered)
 I - 14 arrows
 N - 5 tomahawks of dispersal
Armour
 b - a +0 hat (worn)
 p - a +2 cloak (worn)
 r - a +0 pair of gloves (worn)
 R - a +0 shield (worn)
Jewellery
 A - a ring of wizardry (left hand)
Wands
 x - a wand of disintegration (16/24)
 F - a wand of iceblast (5/15)
 G - a wand of lightning (4/15)
 L - a wand of confusion (28/48)
 P - a wand of lightning (3/15)
Scrolls
 e - 2 scrolls of enchant weapon {unknown}
 f - 2 scrolls of enchant armour {unknown}
 h - 2 scrolls of fog {unknown}
 i - 4 scrolls of teleportation {unknown}
 m - 4 scrolls of recharging
 n - 3 scrolls of remove curse {unknown}
 s - 3 scrolls of magic mapping {unknown}
 u - a scroll of immolation {unknown}
 v - 3 scrolls of fear {unknown}
 y - 4 scrolls of identify
 O - a scroll of random uselessness {unknown}
Potions
 g - a potion of ambrosia {unknown}
 j - 2 potions of haste {unknown}
 k - 3 potions of heal wounds {unknown}
 l - a potion of cancellation {unknown}
 o - 3 potions of lignification {unknown}
 q - 2 potions of curing {unknown}
 B - 2 potions of berserk rage {unknown}
 C - a potion of degeneration {unknown}
 E - 3 potions of brilliance {unknown}
 J - a potion of might {unknown}
Comestibles
 d - 3 bread rations
 t - 2 meat rations
 D - 5 fruits
 M - a beef jerky
 Q - a slice of pizza
 S - 2 chunks of flesh


   Skills:
 + Level 6.9(4.8) Fighting
 + Level 4.2(3.5) Short Blades
 + Level 5.4(4.1) Long Blades
 + Level 2.3(0.5) Throwing
 + Level 9.4(7.2) Dodging
 + Level 4.5(2.6) Stealth
 + Level 0.2(0.0) Shields
 + Level 0.2(0.0) Invocations


You had 8 spell levels left.
You didn't know any spells.

Dungeon Overview and Level Annotations

Branches:
Dungeon (9/15)             Temple (1/1) D:4            Lair (0/8) D:8
    Orc: D:9-12

Altars:
Ashenzari
Cheibriados
Dithmenos
Elyvilon
Fedhas
Gozag
Kikubaaqudgha
Makhleb
Nemelex Xobeh
Okawaru
Pakellas
Qazlal
Ru
Sif Muna
Trog
Vehumet
Xom
Yredelemnul
Zin
The Shining One

Annotations:
D:9 namelastname112's ghost, novice DrCK


Innate Abilities, Weirdness & Mutations

You can breathe waves of freezing cold.
You can buffet flying creatures when you breathe cold.
Your icy white scales are hard (AC +7).
Your body does not fit into most forms of armour.
Your flesh is cold resistant.
You are cold-blooded and may be slowed by cold attacks.


Message History

Evoke which item? (* to show all) (? for menu, Esc to quit)
Zapping:
x - a wand of disintegration (17/24)
Press: ? - help, Shift-Dir - straight line, f/p - namelastname112's ghost
Aim: namelastname112's ghost, wielding a weapon of chaos (lightly damaged, chance to defeat MR: 26%) Namelastname112's ghost easily resists.
This wand has 16 charges left.
Namelastname112's ghost closely misses you.
Evoke which item? (* to show all) (? for menu, Esc to quit)
Zapping:
L - a wand of confusion (28/48)
Press: ? - help, Shift-Dir - straight line, f/p - namelastname112's ghost
Aim: namelastname112's ghost, wielding a weapon of chaos (lightly damaged, chance to defeat MR: 12%)
Okay, then.
Drink which item? (? for menu, Esc to quit)
Okay, then.
Namelastname112's ghost screams, "I'll kill anyone who wants the ORB!"
Namelastname112's ghost breathes negative energy at you.
The bolt of negative energy hits you!
You feel drained.
* * * LOW HITPOINT WARNING * * *
Namelastname112's ghost breathes negative energy at you.
The bolt of negative energy hits you!
You feel drained.
You die...

...........# #....#
...........+...#....#
...........#...#....##
...........#...+.....#
...........#...#.....#
...........#...#.W...#
..#...##..##...##...##
########..###'###...##
#.........@....#
#..............#
#..............+
#.............##
#........##)..#
#........##....#
#..............#
#..............#
..............#


You could see namelastname112's ghost.

Vanquished Creatures
  Grinder (D:6)
  A wyvern (D:8)
  Menkaure (D:5)
  Duvessa (D:6)
  2 orc warriors
  3 sky beasts
  2 ice beasts
  3 ogres
  An eye of draining (D:9)
  A centaur (D:6)
  A big kobold (D:8)
  5 giant frogs
  Dowan (D:6)
  A wyvern skeleton (D:8)
  2 scorpions (D:4)
  4 killer bees (D:8)
  6 crimson imps
  A quasit (D:8)
  3 jellies
  A giant frog zombie (D:6)
  3 orc priests
  A hound (D:7)
  Crazy Yiuf (D:6)
  5 orc wizards
  A centaur skeleton (D:7)
  9 worker ants
  A hound skeleton (D:4)
  A worker ant zombie (D:3)
  A gnoll (D:1)
  13 adders
  A shadow imp (D:5)
  An ooze (D:5)
  A worm (D:2)
  5 giant geckos
  43 orcs
  A ball python (D:2)
  A giant cockroach (D:1)
  8 goblins
  5 hobgoblins
  8 kobolds
  5 quokkas
  9 bats
  6 giant newts
  10 rats
181 creatures vanquished.

Notes
Turn   | Place    | Note
--------------------------------------------------------------
     0 | D:1      | Gagarin the Draconian Gladiator began the quest for the Orb.
     0 | D:1      | Reached XP level 1. HP: 17/17 MP: 1/1
    43 | D:1      | Reached XP level 2. HP: 7/24 MP: 2/2
   760 | D:2      | Reached XP level 3. HP: 30/30 MP: 3/3
  1478 | D:2      | Reached XP level 4. HP: 27/37 MP: 4/4
  2251 | D:3      | Found an oddly glowing altar of Pakellas.
  2282 | D:3      | Found an opulent altar of Gozag.
  2282 | D:3      | Found a sparkling altar of Nemelex Xobeh.
  2362 | D:3      | Reached skill level 4 in Dodging
  2362 | D:3      | Reached XP level 5. HP: 26/45 MP: 5/5
  3097 | D:3      | Found a snail-covered altar of Cheibriados.
  3097 | D:3      | Found a basalt altar of Yredelemnul.
  3213 | D:4      | Reached skill level 1 in Stealth
  3408 | D:4      | Reached XP level 6. HP: 51/51 MP: 6/6
  3513 | D:4      | Found a staircase to the Ecumenical Temple.
  3519 | Temple   | Entered the Ecumenical Temple
  3530 | Temple   | Became a worshipper of Warmaster Okawaru
  3573 | D:4      | Found an oddly glowing altar of Pakellas.
  3590 | D:4      | Reached skill level 5 in Dodging
  3982 | D:5      | Entered Level 5 of the Dungeon
  3982 | D:5      | Noticed Menkaure
  3985 | D:5      | Killed Menkaure
  3985 | D:5      | Reached * piety under Okawaru
  3985 | D:5      | Reached XP level 7. HP: 30/59 MP: 7/7
  3985 | D:5      | Your scales start taking on an icy white colour.
  3985 | D:5      | Gained mutation: Your flesh is cold resistant. [White Draconian growth]
  4472 | D:5      | Reached skill level 5 in Long Blades
  4754 | D:5      | Found a shadowy altar of Dithmenos.
  4778 | D:5      | Reached skill level 6 in Dodging
  5052 | D:6      | Found a blossoming altar of Fedhas.
  5197 | D:6      | Found a shattered altar of Ashenzari.
  5218 | D:6      | Noticed Duvessa
  5218 | D:6      | Noticed Dowan
  5230 | D:6      | Killed Duvessa
  5230 | D:6      | Reached skill level 5 in Fighting
  5230 | D:6      | Reached XP level 8. HP: 66/68 MP: 8/8
  5238 | D:6      | Killed Dowan
  5283 | D:6      | Reached ** piety under Okawaru
  5565 | D:6      | Reached skill level 1 in Short Blades
  5717 | D:6      | Found a glowing silver altar of Zin.
  5730 | D:6      | Noticed Grinder
  5745 | D:6      | Killed Grinder
  5745 | D:6      | Reached skill level 7 in Dodging
  5820 | D:6      | Noticed Crazy Yiuf
  5828 | D:6      | Killed Crazy Yiuf
  5872 | D:6      | Found a stormy altar of Qazlal.
  5886 | D:6      | Found a burning altar of Makhleb.
  6542 | D:7      | Found a glowing golden altar of the Shining One.
  6586 | D:7      | Reached XP level 9. HP: 75/75 MP: 9/9
  6728 | D:7      | Reached *** piety under Okawaru
  6992 | D:8      | Reached skill level 8 in Dodging
  7389 | D:8      | Found a staircase to the Lair.
  8042 | D:8      | Reached skill level 9 in Dodging
  8502 | D:9      | Noticed namelastname112's ghost (novice DrCK)
  8527 | D:9      | Killed from afar by namelastname112's ghost

Vault maps used:
D:1:      lemuel_arrival_hallway
D:2:      serial_forest, infiniplex_forest_lined_room_2,
          infiniplex_forest_end_2, infiniplex_forest_3_way,
          infiniplex_forest_lined_4_way, infiniplex_forest_clump_cross,
          infiniplex_forest_clump_tiny, infiniplex_forest_lined_2,
          infiniplex_forest_straight_5
D:3:      grunt_temple_overflow_opulence, gammafunk_temple_overflow_pools,
          first_bread, johnstein_pakellas_dig
D:4:      wad_crossroads, nicolae_overflow_crystal_walls,
          minmay_temple_entry_hall
D:5:      grunt_dithmenos_smoke_and_mirrors, minmay_misc_feat_plants,
          uniq_menkaure
D:6:      nicolae_overflow_quartered_altars, evilmike_ruin_ashenzari,
          uniq_crazy_yiuf_cottage, uniq_duvessa, uniq_grinder
D:7:      nicolae_tso_carved_into_rock, hex_large
D:8:      lair_0_dummy
D:9:      special_room
Temple:   nicolae_temple_no_exploring_needed

Action                   |  1- 3 |  4- 6 |  7- 9 || total
-------------------------+-------+-------+-------++-------
Melee: Long sword        |   103 |   223 |    15 ||   341
       Rapier            |       |       |   344 ||   344
Throw: Throwing net      |     4 |     2 |     1 ||     7
       Javelin           |       |       |     5 ||     5
Invok: Heroism           |       |       |     1 ||     1
 Abil: Breathe Frost     |       |       |     4 ||     4
Evoke: Wand              |       |       |     1 ||     1
  Use: Scroll            |       |       |     2 ||     2
 Stab: Sleeping          |     1 |     5 |     4 ||    10
       Held in net/web   |       |       |     1 ||     1
  Eat: Chunk             |     2 |     8 |    16 ||    26
